 Dungeon Crawl Stone Soup version 0.29.1-15-g9cfb28693d (webtiles) character file.

Game seed: 8902557369933160125

2772 protoss039 the Trooper (level 9, -2/71 HPs)
             Began as a Demonspawn Earth Elementalist on Mar 29, 2023.
             Was a Believer of Vehumet.
             Slain by Duvessa
             ... wielding a +2 short sword of speed
              (11 damage)
             ... on level 7 of the Dungeon.
             The game lasted 00:20:06 (9000 turns).

protoss039 the Trooper (DsEE)                       Turns: 9000, Time: 00:20:07

Health: -2/71      AC: 17    Str: 14    XL:     9   Next: 42%
Magic:  28/28      EV: 26    Int: 21    God:    Vehumet [**....]
Gold:   442        SH:  0    Dex: 14    Spells: 15/21 levels left

rFire   + . .      SeeInvis .   M - +0 dagger (venom)
rCold   . . .      Faith    .   (no shield)
rNeg    . . .      Spirit   .   t - +2 ring mail {rPois}
rPois   +          Reflect  .   e - +0 helmet
rElec   .          Harm     .   f - +0 cloak
rCorr   .          Rampage  .   (no gloves)
Will    .....                   z - +2 pair of boots
Stlth   +.........              I - amulet of the acrobat
HPRegen 0.21/turn               s - +6 ring of strength
MPRegen 0.21/turn               B - ring of magical power

@: about to teleport, acrobatic
A: hooves 1, molten scales 3, demonic magic 1
a: Renounce Religion


You were on level 7 of the Dungeon.
You worshipped Vehumet.
Vehumet was pleased with you.
You visited 2 branches of the dungeon, and saw 8 of its levels.

You collected 442 gold pieces.

Inventory:

Hand Weapons
 c - a +2 dagger of freezing
 w - a +0 dagger of draining
 M - a +0 dagger of venom (weapon)
Missiles
 L - a throwing net
Armour
 e - a +0 helmet (worn)
 f - a +0 cloak (worn)
 t - a +2 ring mail of poison resistance (worn)
 z - a +2 pair of boots (worn)
Magical Staves
 j - a staff of cold
Jewellery
 l - a ring of flight
 s - a +6 ring of strength (left hand)
 B - a ring of magical power (right hand)
 I - an amulet of the acrobat (around neck)
Wands
 D - a wand of flame (6)
 H - a wand of acid (8)
Scrolls
 d - a scroll of teleportation
 g - a scroll of noise {unknown}
 i - a scroll of identify
 k - a scroll of brand weapon {unknown}
 n - 2 scrolls of blinking
 u - a scroll of enchant weapon {unknown}
 x - 3 scrolls of fear
 y - a scroll of enchant armour {unknown}
 A - a scroll of amnesia {unknown}
 E - a scroll of summoning {unknown}
 F - a scroll of acquirement {unknown}
 J - a scroll of poison
 K - a scroll of magic mapping {unknown}
Potions
 a - 4 potions of lignification
 b - 4 potions of magic
 h - 4 potions of degeneration {unknown}
 m - 4 potions of heal wounds
 o - a potion of berserk rage {unknown}
 p - 6 potions of brilliance
 q - 2 potions of resistance {unknown}
 r - a potion of mutation {unknown}
 v - a potion of flight {unknown}
 C - 2 potions of attraction {unknown}
 G - 2 potions of ambrosia {unknown}


   Skills:
 + Level 6.8 Fighting
 - Level 3.0 Short Blades
 - Level 3.0 Armour
 - Level 1.7 Dodging
 - Level 1.7 Stealth
 + Level 6.7 Spellcasting
 - Level 0.8 Transmutations
 + Level 6.8 Earth Magic


You had 15 spell levels left.
You knew the following spells:

 Your Spells              Type           Power      Damage    Failure   Level
a - Sandblast             Erth           70%        2d15      1%          1
b - Passwall              Tmut/Erth      19%        N/A       5%          2
c - Stone Arrow           Conj/Erth      42%        3d9       13%         3

Your spell library contained the following spells:

 Spells                   Type           Power      Damage    Failure   Level
 Poisonous Vapours        Pois/Air       14%        N/A       26%         2
 Beastly Appendage        Tmut           20%        N/A       13%         1
 Wereblood                Tmut           10%        N/A       19%         2
 Petrify                  Tmut/Erth      23%        N/A       36%         4
 Spider Form              Tmut/Pois      8%         N/A       41%         3
 Ozocubu's Armour         Ice            7%         N/A       47%         3
 Ozocubu's Refrigeration  Ice            3%         4d8       100%        7


Dungeon Overview and Level Annotations

Branches:
Dungeon (7/15) Zot: 25789  Temple (1/1) D:5 Zot: 5688

Altars:
Cheibriados
Dithmenos
Gozag
Hepliaklqana
Kikubaaqudgha
Makhleb
Nemelex Xobeh
Okawaru
Qazlal
Ru
Sif Muna
Trog
Uskayaw
Vehumet
Wu Jian
Xom
Yredelemnul

Shops:
D:7 *

Annotations:
D:7 Duvessa


Innate Abilities, Weirdness & Mutations

You have large cloven feet.
You are completely covered in molten scales. (AC +4, rF+)
Spells you cast may paralyse adjacent enemies.


Message History

Duvessa attacks as you move away! Duvessa misses you.
Your surroundings suddenly seem different.
You hear a shout!
You hear a shout!
You hear a shout!
You hear a shout!
Unknown command.
You hear a shout! x2
Duvessa rages. x2
Duvessa rages.
Duvessa rages.
Okay, then.
Duvessa misses you. Duvessa barely misses you.
Duvessa attacks as you move away! Duvessa misses you. x2
Duvessa barely misses you. Duvessa attacks as you move away!
Duvessa closely misses you. Duvessa completely misses you.
Duvessa hits you but does no damage. Duvessa attacks as you move away!
Duvessa hits you with a +2 short sword of speed!
Duvessa misses you. Duvessa completely misses you.
Duvessa hits you but does no damage. Duvessa hits you but does no damage.
Duvessa hits you but does no damage. Duvessa attacks as you move away!
Duvessa hits you with a +2 short sword of speed!
Duvessa attacks as you move away! Duvessa completely misses you.
Duvessa hits you with a +2 short sword of speed.
Duvessa hits you with a +2 short sword of speed!
As you read the scroll of teleportation, it crumbles to dust.
You feel strangely unstable.
Duvessa hits you with a +2 short sword of speed.
Duvessa hits you with a +2 short sword of speed!
Duvessa attacks as you move away!
Duvessa hits you with a +2 short sword of speed!
* * * LOW HITPOINT WARNING * * *
Duvessa hits you with a +2 short sword of speed!
You die...

..###.####.....s####.## #...#
.####..####..###..#..# ##..##
.###....##..## ##...##
##....## ..##........# ##..#
##..##... ......##....##
##.#####..####..
#....##......## ###s..##..##
###
##..#.........###...#....##
#. #.....###.......e#####.##
##. ##...###
#..#...@######.## #.# #...##
#..###..###.....## ##.#
....## ##.##
#..##.......####.##
.....####..#
##....##.##..##..#
...........#
#......#.#.......##
(..###....##
##.#..#.....#..####.
....#####..###.###.##...##..#
## ..#..####...#..#
#...._.....# #
..##..##..#...## #.##...##..#
#


You could see Duvessa (berserk) and a scorpion.

Vanquished Creatures
  A wraith (D:5)
  A steam dragon (D:7)
  Edmund (D:5)
  2 black bears (D:6)
  An ice beast (D:6)
  4 centaurs
  6 ogres
  2 phantoms
  2 kobold brigands (D:6)
  A scorpion (D:7)
  Dowan (D:7)
  A howler monkey (D:5)
  4 hounds
  A jelly (D:6)
  Crazy Yiuf (D:3)
  3 orc priests
  4 iguanas
  Jessica (D:2)
  7 orc wizards
  5 gnolls (D:6)
  13 adders
  A shadow imp (D:7)
  2 ufetubi (D:5)
  2 worms
  4 dart slugs
  21 orcs
  6 ball pythons
  6 endoplasms
  3 giant cockroaches
  13 hobgoblins
  5 quokkas
  7 bats
  6 frilled lizards
  8 goblins
  13 kobolds
  A rat (D:2)
160 creatures vanquished.

Vanquished Creatures (others)
  An orc (D:6)
  17 plants (D:6)
18 creatures vanquished.

Grand Total: 178 creatures vanquished

Notes
Turn   | Place    | Note
-------+----------+-------------------------------------------
     0 | D:1      | protoss039 the Demonspawn Earth Elementalist began the
                  | quest for the Orb.
     0 | D:1      | Reached XP level 1. HP: 13/13 MP: 3/3
   318 | D:1      | Found a faded altar of an unknown god.
   322 | D:1      | Gained mutation: You have large cloven feet. [demonic
                  | ancestry]
   322 | D:1      | Reached XP level 2. HP: 20/20 MP: 3/5
   606 | D:1      | You fall into a shaft and drop 1 floor!
   617 | D:2      | Reached skill level 1 in Fighting
   758 | D:2      | Reached XP level 3. HP: 26/26 MP: 6/6
   785 | D:2      | Reached skill level 1 in Armour
  1391 | D:1      | Learned a level 2 spell: Passwall
  1577 | D:2      | Noticed Jessica
  1584 | D:2      | Killed Jessica
  1585 | D:2      | Gained mutation: Spells you cast may paralyse adjacent
                  | enemies. [demonic ancestry]
  1585 | D:2      | Reached XP level 4. HP: 32/33 MP: 1/8
  2429 | D:2      | Learned a level 3 spell: Stone Arrow
  2430 | D:3      | Found an ancient bone altar of Kikubaaqudgha.
  3129 | D:3      | Found a runed translucent door.
  3130 | D:3      | Noticed Crazy Yiuf
  3607 | D:3      | Killed Crazy Yiuf
  3608 | D:3      | Gained mutation: You are partially covered in molten
                  | scales. (AC +2) [demonic ancestry]
  3608 | D:3      | Reached XP level 5. HP: 34/38 MP: 2/9
  4134 | D:4      | Noticed an ogre
  4139 | D:4      | Killed an ogre
  4140 | D:4      | Reached XP level 6. HP: 46/46 MP: 11/11
  4900 | D:4      | Found Rept's CLEARANCE SALE!.
  4924 | D:5      | Entered Level 5 of the Dungeon
  5344 | D:5      | Reached skill level 1 in Short Blades
  5359 | D:5      | Noticed Edmund
  5374 | D:5      | Killed Edmund
  5375 | D:5      | Gained mutation: You are mostly covered in molten scales.
                  | (AC +3) [demonic ancestry]
  5375 | D:5      | Reached XP level 7. HP: 46/52 MP: 12/12
  5721 | D:5      | Found a staircase to the Ecumenical Temple.
  5737 | Temple   | Entered the Ecumenical Temple
  6022 | Temple   | Became a worshipper of Vehumet
  6312 | D:5      | Noticed a wraith
  6330 | D:5      | Killed a wraith
  6678 | D:6      | Gained mutation: You are completely covered in molten
                  | scales. (AC +4, rF+) [demonic ancestry]
  6678 | D:6      | Reached XP level 8. HP: 54/60 MP: 14/14
  6689 | D:6      | Reached skill level 5 in Earth Magic
  6828 | D:6      | Reached skill level 5 in Spellcasting
  6849 | D:6      | Reached * piety under Vehumet
  6849 | D:6      | Offered knowledge of Shock by Vehumet.
  6886 | D:6      | Reached skill level 5 in Fighting
  7398 | D:6      | Reached XP level 9. HP: 32/69 MP: 18/18
  7414 | D:6      | Offered knowledge of Poisonous Vapours by Vehumet.
  7427 | D:6      | Reached ** piety under Vehumet
  8021 | D:7      | Found a stormy altar of Qazlal.
  8320 | D:7      | Noticed Dowan
  8322 | D:7      | Noticed Duvessa
  8326 | D:7      | Killed Dowan
  8693 | D:7      | Found Vioryg's Assorted Antiques.
  9000 | D:7      | Slain by Duvessa

Illustrated notes

Levels and vault maps discovered:
D:1:      scummos_arrival_simple_fountains, layout_basic,
          hellmonk_ecumenical_altar_run_dry, serial_bayou_pond_d
D:2:      layout_loops_ring, st_stairs_9, uniq_jessica
D:3:      minmay_door_path, layout_loops_corners, mainiacjoe_overflow_catwalk,
          uniq_crazy_yiuf_cottage
D:4:      layout_basic, chequers_serial_rivers_micro_a, nicolae_shop_clearance
D:5:      layout_basic, minmay_temple_entry_hall, guppyfry_early_lair_pool,
          uniq_edmund
D:6:      kennysheep_housing_project, layout_rooms
D:7:      layout_layer_cave, mainiacjoe_overflow_small_starburst, serial_shops,
          shop, uniq_duvessa
Temple:   bh_familiar_temple

Skill      XL: |  1  2  3  4  5  6  7  8 |
---------------+-------------------------+-----
Fighting       | 1 2 3 4 6 |  6.8
Earth Magic    | 3 4 6 |  6.8
Armour         | 1 2 3 |  3.0
Spellcasting   | 3 4 6 |  6.7
Short Blades   | 1 3 |  3.0
Dodging        | |  1.7
Stealth        | |  1.7
Transmutations | |  0.8

Action                   |  1- 3 |  4- 6 |  7- 9 || total
-------------------------+-------+-------+-------++-------
Melee: Short sword       |    29 |       |       ||    29
       Staff             |    25 |     2 |       ||    27
       Dagger            |       |    87 |    67 ||   154
       Punch             |       |     2 |       ||     2
 Cast: Sandblast         |    36 |    66 |   113 ||   215
Evoke: Wand              |       |     3 |     2 ||     5
  Use: Scroll            |       |     2 |     8 ||    10
 Stab: Sleeping          |     3 |     2 |     1 ||     6
       Paralysed         |       |    23 |    29 ||    52
Armor: Robe              |     2 |       |       ||     2
       Leather armour    |    22 |    27 |       ||    49
       Ring mail         |       |    22 |    80 ||   102
Dodge: Dodged            |    42 |    81 |   122 ||   245
